 Dungeon Crawl Stone Soup version 0.29-a0-334-gb41bcbb86e (webtiles) character file.

Game seed: 7749364072832726161

8 spaghetti the Digger (level 2, 0/17 HPs)
             Began as an Octopode Earth Elementalist on Apr 15, 2022.
             Slain by a hobgoblin (4 damage)
             ... on level 1 of the Dungeon.
             The game lasted 00:00:33 (413 turns).

spaghetti the Digger (Octopode Earth Elementalist)   Turns: 413, Time: 00:00:34

Health: 0/17       AC:  1    Str:  7    XL:     2   Next: 8%
Magic:  5/5        EV: 13    Int: 17    God:
Gold:   10         SH:  0    Dex: 12    Spells: 5/6 levels left

rFire   . . .      SeeInvis .   g - +0 short sword {short}
rCold   . . .      Faith    .   (no shield)
rNeg    . . .      Spirit   .   (helmet restricted)
rPois   .          Reflect  .   (no amulet)
rElec   .          Harm     .   (no ring)
rCorr   .          Rampage  .   (no ring)
Will    .....                   (no ring)
Stlth   +++.......              (no ring)
HPRegen 0.05/turn               (no ring)
MPRegen 0.09/turn               (no ring)
                                (no ring)
                                (no ring)

@: no status effects
A: almost no armour, amphibious, 8 rings, camouflage 1, gelatinous body 1,
(nimble swimmer 1), tentacles
a: no special abilities


You were on level 1 of the Dungeon.
You visited 1 branch of the dungeon, and saw 1 of its levels.

You collected 10 gold pieces.


Innate Abilities, Weirdness & Mutations

You cannot wear most types of armour.
You are amphibious.
You can wear up to eight rings at the same time.
Your skin changes colour to match your surroundings (Stealth+).
Your rubbery body absorbs attacks. (AC +1, EV +1)
((You are camouflaged when in or above water. (Stealth+)))
You have tentacles for arms and can constrict up to eight enemies at once.


   Skills:
 - Level 2.0 Dodging
 - Level 2.6 Stealth
 + Level 2.6 Spellcasting
 - Level 1.0 Transmutations
 - Level 3.0 Earth Magic


You had 5 spell levels left.
You knew the following spells:

 Your Spells              Type           Power      Damage    Failure   Level
a - Sandblast             Erth           24%        2d8       5%          1

Your spell library contained the following spells:

 Spells                   Type           Power      Damage    Failure   Level
 Passwall                 Tmut/Erth      7%         N/A       12%         2
 Slow                     Hex            8%         N/A       19%         1
 Stone Arrow              Conj/Erth      14%        3d7       30%         3
 Confusing Touch          Hex            2%         N/A       50%         3
 Vampiric Draining        Necr           2%         2d6       50%         3
 Petrify                  Tmut/Erth      9%         N/A       61%         4

Inventory:

Hand Weapons
 c - a +0 club {mace}
   (You took it off a goblin on level 1 of the Dungeon)
 e - a +0 hunting sling {sling}
   (You found it on level 1 of the Dungeon)
 g - a +0 short sword (weapon) {short}
   (You took it off a kobold on level 1 of the Dungeon)
Missiles
 a - 47 stones {throwing}
Scrolls
 f - a scroll of identify {unknown}
Potions
 b - a potion of magic
 d - a potion of heal wounds {unknown}

Dungeon Overview and Level Annotations

Branches:
Dungeon (1/15)

Altars:

#.# #.... #.# ####.
#.# #..
###########.######.#
.......#...........#
####...######.....
#.....############
###.###....†........
#.l@....^....#######
......rg######..†###
.......b#
#.....#####
........#
#...#......
........#
#...#######
........# #...#
........# ##### ####
###...... .... ####


You could see a quokka, a hobgoblin, a bat and a frilled lizard.


Message History

Aim: a quokka (71% to hit)
You miscast Sandblast.
You are very lightly contaminated with residual magic.
Nothing appears to happen. 😎 MP[-1]
You lost 1 mp, and now have 2/3 mp.
Unknown command.
Casting: Sandblast (safe; 5% risk of failure)
Confirm with . or Enter, or press ? or * to list all spells.
Aiming: Sandblast (safe; 5% risk of failure)
Press: ? - help, Shift-Dir - straight line, f/p - quokka
Aim: a quokka (71% to hit)
The blast of sand hits the quokka but does no damage.
The ball python hisses angrily.
A bat comes into view.
The bat enters a dispersal trap!
The ball python blinks!
The quokka blinks! x2
You blink.
The bat blinks! 😎 MP[-1]
You lost 1 mp, and now have 1/3 mp.
Unknown command.
Casting: Sandblast (safe; 5% risk of failure)
Confirm with . or Enter, or press ? or * to list all spells.
Aiming: Sandblast (safe; 5% risk of failure)
Press: ? - help, Shift-Dir - straight line, f/p - quokka
Aim: a quokka (71% to hit)
The blast of sand misses the quokka.
The ball python bites you. The ball python grabs you.
The ball python constricts you. The bat barely misses you.
The ball python barely misses you.
The ball python constricts you. 😮 HP[-3] MP[-1]
You take 3 damage, and now have 8/11 hp.
MASSIVE DAMAGE!! (PAUSE)
You lost 1 mp, and now have 0/3 mp.
Unknown command.
You hit the ball python.
You kill the ball python!
The bat closely misses you. The bat completely misses you.
Unknown command.
You barely miss the quokka. Your grab misses the quokka. The bat misses you.
The bat completely misses you. The quokka bites you. 😮 HP[-1]
You take 1 damage, and now have 7/11 hp.
You miss the quokka. You grab the quokka. You squeeze the quokka.
You constrict the quokka, but do no damage.
The bat barely misses you. The quokka closely misses you. x2
You hit the quokka.
You kill the quokka!
The bat closely misses you.
Your magical contamination has completely faded away.
You have reached level 2! 😮 HP[+4]
You now have 17 max hp (+6).
You regained 4 hp, and now have 11/17 hp.
You hit the bat. You grab the bat. You constrict the bat.
You kill the bat!
You start resting. 😕 HP[+2] MP[+5]
You regained 2 hp, and now have 13/17 hp.
Your mp is fully restored (5).
Key pressed, stopping explore.
You see here a quokka corpse.
You pick up a book of Debilitation and begin reading...
You add the spells Slow, Vampiric Draining and Confusing Touch to your library. 😎 HP[+4]
Your hp is fully restored (17).
You see here a quokka corpse.
A bat and a hobgoblin come into view.
The hobgoblin shouts!
A quokka comes into view.
There are monsters nearby!
Unknown command.
A frilled lizard comes into view.
The bat barely misses you. The bat closely misses you.
The frilled lizard hisses angrily.
You hit the hobgoblin but do no damage. Your grab misses the hobgoblin.
The bat barely misses you. The hobgoblin barely misses you.
You barely miss the hobgoblin. Your grab misses the hobgoblin.
The bat hits you but does no damage. The hobgoblin hits you. 😕 HP[-4]
You take 4 damage, and now have 13/17 hp.
MASSIVE DAMAGE!! (PAUSE)
You barely miss the hobgoblin. You grab the hobgoblin.
You constrict the hobgoblin, but do no damage.
The bat hits you but does no damage. The quokka bites you.
The hobgoblin hits you but does no damage. 😮 HP[-4]
You take 4 damage, and now have 9/17 hp.
MASSIVE DAMAGE!! (PAUSE)
You barely miss the hobgoblin. You constrict the hobgoblin.
The bat hits you but does no damage. The quokka barely misses you.
The hobgoblin closely misses you.
Unknown command.
You hit the hobgoblin.
You constrict the hobgoblin, but do no damage.
The quokka bites you.
* * * LOW HITPOINT WARNING * * *
The hobgoblin hits you.
You die...

Action                   || total
-------------------------++-------
Melee: Short sword       ||    10
       Constrict         ||     3
       Tentacles         ||     1
 Cast: Sandblast         ||     8
Armor: Skin              ||     4
Dodge: Dodged            ||    16

Levels and vault maps discovered:
D:1:      heliophobic_arrival_ceremonial_halls, layout_rooms,
          hellmonk_ecumenical_altar_leap_of_faith

Notes
Turn   | Place    | Note
-------+----------+-------------------------------------------
     0 | D:1      | spaghetti the Octopode Earth Elementalist began the quest
                  | for the Orb.
     0 | D:1      | Reached XP level 1. HP: 11/11 MP: 3/3
     0 | D:1      | magus.rc [v1.9.6]
   279 | D:1      | Reached XP level 2. HP: 11/17 MP: 0/5
   395 | D:1      | You pick up a book of Debilitation and begin reading...
   395 | D:1      | You add the spells Slow, Vampiric Draining and Confusing
                  | Touch to your library.
   413 | D:1      | HP: 4/17 [quokka (5)]
   413 | D:1      | Slain by a hobgoblin

Vanquished Creatures
  A ball python (D:1)
  A goblin (D:1)
  A kobold (D:1)
  A quokka (D:1)
  2 bats (D:1)
  A rat (D:1)
7 creatures vanquished.

Table legend:
 A = Non-vault XP
 B = Vault XP
 C = Vault XP percentage of total XP
 D = Non-vault monster count
 E = Vault monster count
 F = Vault count percentage of total count
                 A         B        C        D         E       F
            +---------+---------+-------+---------+---------+-------
      Total |      12 |       0 |   0.0 |       7 |       0 |   0.0
            +---------+---------+-------+---------+---------+-------
        D:1 |      12 |       0 |   0.0 |       7 |       0 |   0.0
            +---------+---------+-------+---------+---------+-------

Illustrated notes

Table legend:
 A = Kills in this place as a percentage of kills in entire the game.
 B = Kills by you in this place as a percentage of kills by you in the entire game.
 C = Kills by friends in this place as a percentage of kills by friends in the entire game.
 D = Other kills in this place as a percentage of other kills in the entire game.
 E = Experience gained in this place as a percentage of experience gained in the entire game.
 F = Experience gained in this place divided by the number of levels of this place that you have seen.
                   A       B       C       D       E      F
               +-------+-------+-------+-------+-------+----------------------
         Total | 100.0 | 100.0 |   N/A |   N/A | 100.0 |  12.0
       Dungeon | 100.0 | 100.0 |   N/A |   N/A | 100.0 |  12.0
               +-------+-------+-------+-------+-------+----------------------

Table legend: (Time is in decaauts)
 A = Elapsed time spent in this place.
 B = Non-inter-level travel time spent in this place.
 C = Inter-level travel time spent in this place.
 D = Time resting spent in this place.
 E = Time spent auto-exploring this place.
 F = Levels seen in this place.
 G = Mean time per level.
                   A        B        C        D        E       F      G
               +--------+--------+--------+--------+--------+-----+--------+
         Total |    413 |    413 |      0 |     48 |    328 |   1 |  413.0 |
       Dungeon |    413 |    413 |      0 |     48 |    328 |   1 |  413.0 |
               +--------+--------+--------+--------+--------+-----+--------+

Top non-repeatable levels by time:
     D:1: 413 daAuts
